 Dungeon Crawl Stone Soup version 0.22.1-1-ga44c0e56f4 (webtiles) character file.

2308 Morbidden the Thrower (level 9, -3/89 HPs)
             Began as an Ogre Hunter on Oct 27, 2018.
             Was a Follower of Okawaru.
             Killed from afar by an electric eel (12 damage)
             ... with a bolt of electricity
             ... on level 6 of the Dungeon.
             The game lasted 00:17:20 (6939 turns).

Morbidden the Thrower (Ogre Hunter)                 Turns: 6939, Time: 00:17:21

Health: -3/89      AC:  4    Str: 21      XL:     9   Next: 41%
Magic:  11/11      EV: 11    Int: 12      God:    Okawaru [*.....]
Gold:   244        SH:  0    Dex:  7 (9)  Spells: 8/8 levels left

rFire    . . .     SeeInvis .   q - +2 rapier (elec)
rCold    . . .     Gourm    .   (no shield)
rNeg     . . .     Faith    .   b - +0 robe
rPois    .         Spirit   .   (helmet restricted)
rElec    .         Reflect  .   t - +0 cloak (curse)
rCorr    .         Harm     .   (gloves unavailable)
MR       .....                  (boots unavailable)
Stlth    +.........             l - amulet of regeneration
HPRegen  0.64/turn              (no ring)
MPRegen  0.12/turn              (no ring)

@: no status effects
A: large, unfitting armour, tough skin 1
a: Heroism, Renounce Religion


You were on level 6 of the Dungeon.
You worshipped Okawaru.
Okawaru was aware of your devotion.
You were hungry.

You visited 1 branch of the dungeon, and saw 6 of its levels.

You collected 244 gold pieces.

Inventory:

Hand Weapons
 q - a +2 rapier of electrocution (weapon)
Missiles
 e - 286 stones
 v - 7 large rocks
 A - 4 tomahawks (quivered)
Armour
 b - a +0 robe (worn)
 t - a cursed +0 cloak (worn)
Jewellery
 l - an amulet of regeneration (around neck)
Wands
 a - a wand of iceblast (12)
 c - a wand of random effects (14)
 h - a wand of polymorph (19)
 k - a wand of paralysis (14)
 p - a wand of digging (13)
 w - a wand of acid (9)
Scrolls
 g - a scroll of teleportation {unknown}
 i - a scroll of enchant armour {unknown}
 m - a scroll of blinking
 n - a scroll of silence
 o - 3 scrolls of remove curse
 r - 2 scrolls of fog
 u - a scroll of magic mapping
 y - a scroll of random uselessness {unknown}
Potions
 d - a potion of curing
 j - a potion of haste
 s - a potion of mutation
 x - a potion of heal wounds
 z - a potion of magic {unknown}
Comestibles
 f - 11 rations
 B - 2 chunks of flesh


   Skills:
 + Level 6.1 Fighting
 - Level 0.3 Short Blades
   Level 0.5 Axes
 * Level 10.5 Throwing
 + Level 5.0 Dodging
 - Level 0.6 Stealth
 * Level 3.0 Invocations


You had 8 spell levels left.
You didn't know any spells.
Your spell library was empty.

Dungeon Overview and Level Annotations

Branches:
Dungeon (6/15)             Temple (0/1) D:6

Altars:
Cheibriados
Okawaru
Qazlal
Ru
Uskayaw

Shops:
D:5 ?

Annotations:
D:2 Sigmund


Innate Abilities, Weirdness & Mutations

You are too large for most types of armour.
You have tough skin. (AC +1)


Message History

The bolt of electricity hits you! x2
* * * LOW HITPOINT WARNING * * *
Unknown command.
The electric eel shoots out a bolt of lightning at you!
The bolt of electricity hits you!
* * * LOW HITPOINT WARNING * * *
The bolt of electricity hits you!
* * * LOW HITPOINT WARNING * * *
There is an open door here.
Unknown command.
Unknown command.
Unknown command.
Unknown command.
You don't know any spells.
Unknown command.
You are feeling hungry.
Unknown command.
The electric eel shoots out a bolt of lightning at you!
The bolt of electricity hits you!
You die...

...# ##≈≈##..#
#.#.......# .#.#
#.≈≈.#..# #.#..#'#'####
..## #.≈≈.#..#
#.#..#.#.##.. ...
#.≈≈.#..####.#.##.#.##.#
...#
#.≈≈.#..#....))...#.##.#
...#
#.≈≈.#..#.##.#.####'####
...#
#.≈≈.#..#>#.....P......#
#.###
#.≈;.'..#.##.P.........#
....
#.≈≈.##@#.#...>.....####
#.##
#.≈≈.#..#.#.........#≈≈≈
...#
#.≈≈.#8.#.....P.....#≈#.
...#
#.≈≈%##.#.......#####≈._
...# #.≈≈. #.#.......#
#§#. ...#
#.≈≈.##.#.......# #≈§.
..## #.≈≈.#..#.##...##
###' .#.#
#8.#.##..=#######.. .).#
##.#..............#


You could see an electric eel.

Vanquished Creatures
  Pikel (D:5)
  Grinder (D:4)
  Eustachio (D:4)
  Duvessa (D:6)
  An orc warrior (D:6)
  3 phantoms (D:6)
  A bullfrog (D:6)
  Dowan (D:6)
  A scorpion (D:5)
  4 wights (D:6)
  A howler monkey (D:6)
  A quasit (D:6)
  A hound (D:6)
  2 bullfrog skeletons
  Crazy Yiuf (D:4)
  4 orc wizards
  2 iguanas (D:6)
  Natasha (twice) (D:4)
  3 worker ants
  Terence (D:2)
  A worker ant zombie (D:6)
  A howler monkey zombie (D:6)
  A howler monkey skeleton (D:4)
  5 adders
  2 shadow imps
  2 oozes
  3 worms
  3 dart slugs
  7 leopard geckos
  20 orcs
  8 giant cockroaches
  10 goblins
  5 hobgoblins
  6 jackals
  3 quokkas
  A ball python skeleton (D:4)
  4 bats
  7 frilled lizards
  A jackal skeleton (D:6)
  7 kobolds
  A quokka skeleton (D:4)
  8 rats
139 creatures vanquished.

Notes
Turn   | Place    | Note
-------+----------+-------------------------------------------
     0 | D:1      | Morbidden the Ogre Hunter began the quest for the Orb.
     0 | D:1      | Reached XP level 1. HP: 22/22 MP: 1/1
   143 | D:1      | Reached XP level 2. HP: 29/29 MP: 2/2
   482 | D:1      | Reached XP level 3. HP: 20/36 MP: 3/3
  1081 | D:2      | Reached skill level 5 in Throwing
  1348 | D:2      | Noticed Sigmund
  1680 | D:2      | Found a stormy altar of Qazlal.
  1853 | D:2      | Noticed Terence
  1867 | D:2      | Killed Terence
  1867 | D:2      | Reached XP level 4. HP: 8/45 MP: 4/4
  2618 | D:3      | Reached XP level 5. HP: 53/53 MP: 5/5
  2637 | D:3      | Reached skill level 6 in Throwing
  3287 | D:4      | Reached XP level 6. HP: 48/61 MP: 6/6
  3636 | D:4      | Found a sacrificial altar of Ru.
  3643 | D:4      | Noticed Natasha
  3654 | D:4      | Killed Natasha
  3682 | D:4      | Noticed Natasha
  3694 | D:4      | Killed Natasha
  3694 | D:4      | Reached skill level 7 in Throwing
  3742 | D:4      | Noticed Eustachio
  3755 | D:4      | Killed Eustachio
  3755 | D:4      | Reached XP level 7. HP: 46/67 MP: 7/7
  4601 | D:4      | Found a hide-covered altar of Uskayaw.
  4609 | D:4      | Noticed Grinder
  4621 | D:4      | Paralysed by Grinder for 6 turns
  4633 | D:4      | Killed Grinder
  4633 | D:4      | Reached skill level 8 in Throwing
  4867 | D:4      | Found a runed door.
  4952 | D:4      | Noticed Crazy Yiuf
  4953 | D:4      | Killed Crazy Yiuf
  4996 | D:5      | Entered Level 5 of the Dungeon
  5121 | D:5      | Noticed Pikel
  5123 | D:5      | Found Xohiybrim's Magic Scroll Boutique.
  5171 | D:5      | Reached XP level 8. HP: 59/78 MP: 8/8
  5189 | D:5      | Killed Pikel
  5189 | D:5      | Reached skill level 9 in Throwing
  5481 | D:5      | Found an iron altar of Okawaru.
  5493 | D:5      | Became a worshipper of Warmaster Okawaru
  5509 | D:5      | Reached skill level 1 in Invocations
  5793 | D:5      | Reached skill level 5 in Fighting
  6258 | D:6      | Noticed Duvessa
  6261 | D:6      | Noticed Dowan
  6263 | D:6      | Killed Duvessa
  6271 | D:6      | Killed Dowan
  6289 | D:6      | Found a snail-covered altar of Cheibriados.
  6376 | D:6      | Reached * piety under Okawaru
  6379 | D:6      | Reached XP level 9. HP: 88/88 MP: 10/10
  6383 | D:6      | Reached skill level 10 in Throwing
  6597 | D:6      | Found a staircase to the Ecumenical Temple.
  6801 | D:6      | Found an iron altar of Okawaru.
  6896 | D:6      | Reached skill level 5 in Dodging
  6939 | D:6      | Killed from afar by an electric eel

Skill      XL: |  1  2  3  4  5  6  7  8  9 |
---------------+----------------------------+-----
Throwing       | 5 6 7 8 9 10 | 10.5
Fighting       | 3 4 5 6 |  6.1
Dodging        | 2 3 4 5 |  5.0
Invocations    | 2 3 |  3.0
Short Blades   | |  0.3
Axes           | |  0.5
Stealth        | |  0.6

Action                   |  1- 3 |  4- 6 |  7- 9 || total
-------------------------+-------+-------+-------++-------
Melee: Short sword       |    33 |    42 |       ||    75
       War axe           |       |    21 |       ||    21
       Rapier            |       |       |   210 ||   210
Throw: Stone             |   203 |   109 |    63 ||   375
       Large rock        |     9 |    27 |    23 ||    59
       Throwing net      |       |     3 |       ||     3
       Tomahawk          |       |       |    34 ||    34
Evoke: Wand              |       |     1 |       ||     1
  Use: Potion            |     2 |     2 |     6 ||    10
       Scroll            |       |       |     7 ||     7
 Stab: Sleeping          |     1 |     1 |       ||     2
  Eat: Chunk             |     2 |     7 |     6 ||    15
       Ration            |       |       |     1 ||     1
Armor: Robe              |    31 |    47 |    59 ||   137
       Skin              |       |       |     1 ||     1
Dodge: Dodged            |    79 |    67 |   162 ||   308
